Unix NetHack Version 3.7.0-101 Work-in-progress - last build Mar 25 2024 11:18:41 (462964f8eaac915e699fc3a71b43428251fec12b,branch:master). Game began 2024-03-26 10:06:30, ended 2024-03-26 10:09:27. xororand, neutral male human Priest - .. .G.- ...@.-- ......-- ...)f).- ....%.*... ........... ......... .....-- .... Xororand the Acolyte St:11 Dx:12 Co:12 In:14 Wi:15 Ch:11 Neutral S:353 Dlvl:3 $:21 HP:0(27) Pw:38(38) AC:8 Xp:3/53 T:714 Latest messages: The kitten bites the dwarf. The dwarf misses the kitten. The kitten misses the dwarf. The kitten bites the dwarf. The dwarf misses the kitten. The kitten picks up a black gem. The kitten bites the dwarf. The dwarf misses the kitten. The gnome picks up a black gem. The kitten misses the gnome. You kill the gnome! The kitten bites the gnome. The gnome thrusts his dagger at the kitten. The gnome misses the kitten. The gnome throws a dagger! The dagger hits the kitten. You kill the dwarf! Welcome to experience level 3. The kitten drops a black gem. The kitten bites the gnome. The gnome hits the kitten. The kitten picks up a white gem. The gnome picks up a hooded cloak. The gnome shoots 2 crossbow bolts! The 1st crossbow bolt hits the gnome. The gnome is killed! You are hit by the 2nd crossbow bolt. The gnome picks up a black gem. The gnome picks up a crossbow bolt. You miss the gnome. The gnome hits! You kill the gnome! The kitten eats a gnome corpse. The gnome shoots 2 crossbow bolts! The 1st crossbow bolt misses you. You are hit by the 2nd crossbow bolt. The gnome swings her crossbow. The gnome hits! You miss the gnome. The gnome swings her crossbow. The gnome hits! You miss the gnome. The gnome swings her crossbow. The gnome hits! You die... Do you want your possessions identified? [ynq] (y) n Do you want to see your attributes? [ynq] (y) n Do you want an account of creatures vanquished? [ynaq] (y) n Do you want to see your conduct and achievements? [ynq] (y) n Do you want to see the dungeon overview? [ynq] (y) n Inventory: Coins $ - 21 gold pieces Weapons m - 6 +0 arrows a - a blessed +1 mace (weapon in right hand) Armor c - a +0 small shield (being worn) b - a burnt +0 robe (being worn) l - a +0 Hawaiian shirt with a sailboat motif (being worn) Comestibles e - a clove of garlic j - 4 food rations f - a sprig of wolfsbane v - a tripe ration Scrolls r - a scroll of identify q - a scroll of remove curse Spellbooks h - a spellbook of detect food g - a spellbook of light Potions i - a cursed potion of healing u - a potion of see invisible d - 3 potions of holy water Wands n - a wand of secret door detection (0:11) Tools p - a cursed lock pick o - a magic whistle Gems/Stones t - an obsidian stone k - a worthless piece of orange glass w - a worthless piece of yellow glass Xororand the Priest's attributes: Background: You were an Acolyte, a level 3 human Priest. You were neutral, on a mission for Hermes who was opposed by Athena (lawful) and Poseidon (chaotic). You were right-handed. You were in the Gnomish Mines, on level 3. You entered the dungeon 714 turns ago. There was a full moon in effect when your adventure ended. You had 53 experience points, 27 more were needed to attain level 4. Your score was 353 before end-of-game adjustments. Basics: You had 0 out of 27 hit points. You had all 38 energy points (spell power). Your armor class was 8. Your wallet contained 21 zorkmids. Autopickup was off. Final Characteristics: Your strength was 11 (limit:18/100). Your dexterity was 12 (limit:18). Your constitution was 12 (limit:18). Your intelligence was 14 (limit:18). Your wisdom was 15 (limit:18). Your charisma was 11 (limit:18). Final Status: You weren't hungry. You were unencumbered. You were wielding a mace. You had basic skill with mace. Final Attributes: You were fervently aligned. You were guarded. You were lucky. You are dead. Miscellaneous: You never encountered a bones level. Total elapsed playing time was 2 minutes and 57 seconds. Major events: Turn 1: xororand the neutral human Priest entered the dungeon 619: entered the Gnomish Mines 697: attained the rank of Acolyte (level 3) 714: killed by a gnome Vanquished creatures: a gnome leader a dwarf 7 gnomes 4 jackals 2 foxes 3 grid bugs 3 newts 21 creatures vanquished. No species were genocided or became extinct. Voluntary challenges: You were an atheist. You were illiterate. You never engraved Elbereth. You never genocided any monsters. You never polymorphed an object. You never changed form. You used no wishes. Achievements: You entered the Gnomish Mines. You attained the rank of Acolyte. The Dungeons of Doom: levels 1 to 2 Level 1: Some fountains. Level 2: A fountain. Stairs down to The Gnomish Mines. The Gnomish Mines: Level 3: <- You were here. Final resting place for you, killed by a gnome. Game over: ---------- / \ / REST \ / IN \ / PEACE \ / \ | xororand | | 21 Au | | killed by a | | gnome | | | | | | 2024 | *| * * * | * _________)/\\_//(\/(/\)/\//\/|_)_______ Goodbye xororand the Priest... You died in The Gnomish Mines on dungeon level 3 with 351 points, and 21 pieces of gold, after 714 moves. You were level 3 with a maximum of 27 hit points when you died.